 Dungeon Crawl Stone Soup version 0.16-a0-3841-g2612308 (webtiles) character file.

1098 Keltsat the Ruffian (level 8, -4/66 (69) HPs)
             Began as a Ghoul Monk on Jan 29, 2015.
             Was a Follower of Lugonu.
             Slain by Pikel
             ... wielding a +0 whip of electrocution
              (5 damage)
             ... on level 7 of the Dungeon on Jan 30, 2015.
             The game lasted 01:29:35 (4712 turns).

Keltsat the Ruffian (Ghoul Monk)                    Turns: 4712, Time: 01:29:36

HP:   -4/66 (69)    AC: 12    Str: 12 (16) XL:     8   Next: 32%
MP:   6/6           EV:  6    Int:  2 (5)  God:    Lugonu [*.....]
Gold: 201           SH:  0    Dex: 12      Spells: 0 memorised, 7 levels left

rFire  . . .     SeeInvis .       - Unarmed
rCold  + . .     Clarity  .     e - +1 chain mail
rNeg   + + +     SustAb   .     (no shield)
rPois  ∞         Gourm    .     (no helmet)
rElec  .         Spirit   .     (no cloak)
rCorr  .         Warding  .     g - +0 pair of gloves
rMut   .         Stasis   .     c - +0 pair of boots
MR     +....                    (no amulet)
Stlth  ..........               (no ring)
                                a - ring of protection from magic

@: contaminated, rotting, glowing, somewhat resistant to hostile enchantments,
extremely unstealthy
A: rotting body, claws 1, carnivore 3, cold resistance 1, negative energy
resistance 3, poison resistance, slow healing 1, torment resistance, unbreathing
a: Depart the Abyss, Renounce Religion


You were on level 7 of the Dungeon.
You worshipped Lugonu.
Lugonu was aware of your devotion.
You were not hungry.

You visited 2 branches of the dungeon, and saw 8 of its levels.

You collected 201 gold pieces.

Inventory:

Armour
 c - a +0 pair of boots (worn)
 e - a +1 chain mail (worn)
 g - a +0 pair of gloves (worn)
Jewellery
 a - a ring of protection from magic (left hand)
Magical devices
 b - a wand of paralysis (17)
Scrolls
 d - 2 scrolls of identify
 h - 2 scrolls of remove curse
 m - a scroll of teleportation
Potions
 f - 3 potions of curing
 i - a potion of heal wounds


   Skills:
 + Level 5.4 Fighting
 + Level 3.6 Armour
 + Level 4.2 Dodging
 + Level 4.1 Stealth
 + Level 7.8 Unarmed Combat


You had 7 spell levels left.
You didn't know any spells.

Dungeon Overview and Level Annotations

Branches:
Dungeon (7/15)             Temple (1/1) D:5

Altars:
Ashenzari
Cheibriados
Elyvilon
Fedhas
Gozag
Kikubaaqudgha
Makhleb
Nemelex Xobeh
Qazlal
Ru
Sif Muna
Xom
Yredelemnul
Zin
The Shining One
Lugonu

Annotations:
D:7 Pikel


Innate Abilities, Weirdness & Mutations

Your body is rotting away.
You thrive on raw meat.
You have sharp fingernails.
You are carnivorous and can eat meat at any time.
Your flesh is cold resistant.
You are immune to negative energy.
Your system is resistant to poisons.
You heal slowly when monsters are visible.
You are immune to unholy pain and torment.
You can survive without breathing.


Message History

Found 20 gold pieces.
Your body shudders with the violent release of wild energies!
Your body decomposes!
You feel weakened.
Pikel zaps a wand.
The bolt of fire hits you!
* * * LOW HITPOINT WARNING * * *
Pikel says, "Slavery isn't that bad."
Pikel hits you with a whip of electrocution.
* * * LOW HITPOINT WARNING * * *
You are electrocuted!
* * * LOW HITPOINT WARNING * * *
You punch Pikel!
Pikel is moderately wounded.
Pikel says, "I'm sure the Orcish Mines are around here somewhere..."
Pikel zaps a wand.
The bolt of fire misses you.
You hit Pikel.
Pikel is moderately wounded.
Pikel hits you with a whip of electrocution.
You die...
Xom thinks this is hilarious!

##.#.# ...
#..... ..#
.....# p..
##....# ...
p..(.# #K#
#...###.#
#.#
#.....$.#
#.# #...#
#.# ##@##
#<## #K#
#.#.####.#
Z.###.K...#
###
#"####.#
#.# #.# #.
... # ####


You could see Pikel and a slave (wandering).

Vanquished Creatures
  Menkaure (D:6)
  The ghost of dysrexia the Firebug, an average DEFE (D:4)
  An ice beast (D:5)
  An ogre (D:4)
  A sky beast (D:6)
  2 scorpions
  2 crimson imps
  A jelly (D:5)
  A centaur skeleton (D:6)
  A giant frog skeleton (D:5)
  An orc priest (D:5)
  2 hounds
  A worker ant (D:4)
  An orc wizard (D:5)
  2 iguanas (D:6)
  A hound zombie (D:5)
  5 adders
  3 giant mites
  2 shadow imps
  A worm (D:3)
  An ooze (D:2)
  4 orcs
  8 giant cockroaches
  7 hobgoblins
  6 jackals
  2 ball pythons
  7 bats
  2 giant geckos
  2 giant gecko skeletons
  3 giant newts
  12 goblins
  14 kobolds
  4 quokkas
  A quokka zombie (D:5)
  20 rats
124 creatures vanquished.

Vanquished Creatures (others)
  A fire vortex (D:2)
  A centaur zombie (D:7)
2 creatures vanquished.

Grand Total: 126 creatures vanquished

Notes
Turn   | Place    | Note
--------------------------------------------------------------
     0 | D:1      | Keltsat, the Ghoul Monk, began the quest for the Orb.
     0 | D:1      | Reached XP level 1. HP: 19/19 MP: 1/1
   250 | D:1      | Reached XP level 2. HP: 15/26 MP: 2/2
   710 | D:2      | Found a snail-covered altar of Cheibriados.
   719 | D:2      | Found a shattered altar of Ashenzari.
   798 | D:2      | Found a shimmering altar of Xom.
   798 | D:2      | Found a shimmering altar of Xom.
   802 | D:2      | Found a shimmering altar of Xom.
   803 | D:2      | Found a shimmering altar of Xom.
   807 | D:2      | Reached XP level 3. HP: 31/31 MP: 3/3
   812 | D:2      | Became a worshipper of Xom of Bone-Dry Humour
  1045 | D:2      | XOM: harmless Pois miscast
  1064 | D:2      | XOM: divination: detect creatures
  1101 | D:2      | Reached skill level 5 in Unarmed Combat
  1157 | D:2      | Found an ancient bone altar of Kikubaaqudgha.
  1210 | D:2      | XOM: mild Ice miscast
  1283 | D:2      | XOM: scenery: 1 doors close
  1302 | D:2      | Found a burning altar of Makhleb.
  1354 | D:2      | XOM is BORED!
  1354 | D:2      | XOM: noise
  1366 | D:2      | XOM is BORED!
  1366 | D:2      | XOM: mild Fire miscast
  1367 | D:2      | Noticed a fire vortex
  1368 | D:2      | XOM: smoke on damage
  1368 | D:2      | Killed a fire vortex
  1470 | D:3      | Reached skill level 1 in Armour
  1470 | D:3      | Reached XP level 4. HP: 35/40 MP: 3/3
  1541 | D:3      | XOM: colour smoke trail
  1679 | D:3      | Upgraded the game from 0.16-a0-3827-g034e2a6 to 0.16-a0-3841-g2612308
  1949 | D:3      | Found a sparkling altar of Nemelex Xobeh.
  2117 | D:4      | Found a blossoming altar of Fedhas.
  2118 | D:4      | Noticed dysrexia's ghost (average DEFE)
  2129 | D:4      | XOM: potion effect (brilliance)
  2133 | D:4      | XOM: potion effect (invisibility)
  2141 | D:4      | XOM: harmless Erth miscast
  2160 | D:4      | Killed dysrexia's ghost
  2160 | D:4      | Reached XP level 5. HP: 41/47 MP: 4/4
  2171 | D:4      | Found a stormy altar of Qazlal.
  2240 | D:4      | Reached XP level 6. HP: 36/53 MP: 5/5
  2259 | D:4      | XOM: harmless Divn miscast
  2322 | D:4      | Noticed an ogre
  2333 | D:4      | Killed an ogre
  2333 | D:4      | Reached skill level 6 in Unarmed Combat
  2662 | D:5      | Entered Level 5 of the Dungeon
  2857 | D:5      | Found a staircase to the Ecumenical Temple.
  2914 | D:5      | Reached XP level 7. HP: 32/60 MP: 5/5
  2970 | D:5      | XOM: silly message
  3097 | D:5      | XOM: potion effect (haste)
  3216 | D:5      | Reached skill level 7 in Unarmed Combat
  3242 | D:5      | Found a glowing golden altar of the Shining One.
  3407 | Temple   | Entered the Ecumenical Temple
  3509 | Temple   | Fell from the grace of Xom
  3509 | Temple   | Became a worshipper of Lugonu the Unformed
  3509 | Temple   | Acquired Lugonu's first power
  3710 | D:6      | Reached skill level 5 in Fighting
  3951 | D:6      | Reached XP level 8. HP: 60/68 MP: 6/6
  4060 | D:6      | Noticed Menkaure
  4060 | D:6      | XOM: chaos cloud
  4082 | D:6      | Killed Menkaure
  4380 | D:6      | XOM: mild Conj miscast
  4646 | D:6      | XOM: medium Trmt miscast
  4694 | D:7      | Noticed Pikel
  4710 | D:7      | HP: 1/66 [Pikel/whip of electrocution (8)]
  4712 | D:7      | Slain by Pikel

Action                   |  1- 3 |  4- 6 |  7- 9 || total
-------------------------+-------+-------+-------++-------
Melee: Unarmed           |   144 |   220 |   213 ||   577
  Use: Potion            |     2 |     4 |     5 ||    11
       Scroll            |     6 |     6 |     5 ||    17
 Stab: Invisible         |       |     6 |       ||     6
       Petrified         |       |       |     2 ||     2
  Eat: Chunk             |    23 |    16 |    16 ||    55
       Meat ration       |       |     3 |     2 ||     5
       Pizza             |       |       |     1 ||     1
